 Dungeon Sprint DCSS version 0.25-a0-865-gd392131cc7 (webtiles) character file.

Game seed: 13865371283799906886, levelgen mode: deterministic

10656 Conn the Devastator (level 11, -4/69 HPs)
             Began as an Octopode Conjurer on Apr 30, 2020.
             Was a High Priest of Sif Muna.
             Killed from afar by a lindwurm (34 damage)
             ... with a blast of flame
             ... in the Dungeon (Sprint I: "Red Sonja").
             The game lasted 00:47:42 (2453 turns).

Conn the Devastator (Octopode Conjurer)             Turns: 2453, Time: 00:47:43

Health: -4/69      AC:  1    Str:  8    XL:     11   Next: 65%
Magic:  17/25      EV: 15    Int: 20    God:    Sif Muna [*****.]
Gold:   31         SH:  0    Dex: 13    Spells: 7/36 levels left

rFire    . . .     SeeInvis .   i - +1 dagger (distort)
rCold    . . .     Gourm    .   (no shield)
rNeg     . . .     Faith    .   (helmet restricted)
rPois    +         Spirit   .   (no amulet)
rElec    .         Reflect  .   o - ring of poison resistance
rCorr    .         Harm     .   q - ring of stealth
MR       .....     Rnd*Rage +   (no ring) Stlth +++++.....NoTele +
                                (no ring)
HPRegen  0.21/turn              (no ring)
MPRegen  0.19/turn              (no ring)
                                (no ring)
                                (no ring)

@: no status effects
A: almost no armour, stealthy swim, amphibious, 8 rings, constrict 8, camouflage
1, berserk 2, low mp 1, gelatinous body 1
a: Channel Magic, Forget Spell, Divine Exegesis, Renounce Religion


You were in the Dungeon.
You worshipped Sif Muna.
Sif Muna was extremely pleased with you.
You were not hungry.

You visited 1 branch You collected 1747 gold pieces.
You spent 1716 gold pieces at shops.

Inventory:

Hand Weapons
 i - a +1 dagger of distortion (weapon)
 j - a +0 dagger
 s - a +2 vorpal longbow
Missiles
 l - 4 curare-tipped darts (quivered)
 t - 25 arrows
Jewellery
 o - a ring of poison resistance (left tentacle)
 q - a ring of stealth (right tentacle)
Wands
 a - a wand of polymorph (8)
 c - a wand of clouds (6)
 f - a wand of paralysis (7)
Scrolls
 h - a scroll of blinking
 k - 2 scrolls of random uselessness {unknown}
 n - a scroll of amnesia {unknown}
Potions
 d - 3 potions of heal wounds
 g - a potion of berserk rage
 m - 2 potions of curing
 p - 2 potions of haste
 r - a potion of lignification
Comestibles
 b - a ration


   Skills:
 + Level 4.0 Fighting
 + Level 2.1 Short Blades
 - Level 4.5 Dodging
 - Level 6.5 Stealth
 * Level 13.3 Spellcasting
 + Level 18.3 Conjurations
 + Level 5.5 Hexes
 + Level 4.5 Summonings
 * Level 6.8 Translocations
 * Level 4.6 Fire Magic
 * Level 1.4 Earth Magic
 - Level 7.5 Invocations
 + Level 3.2 Evocations


You had 7 spell levels left.
You knew the following spells:

 Your Spells              Type           Power        Failure   Level  Hunger
a - Magic Dart            Conj           ####         0%          1    None
b - Searing Ray           Conj           ######       0%          2    None
c - Dazzling Flash        Conj/Hex       ######       1%          3    None
d - Fulminant Prism       Conj/Hex       ######....   1%          4    None
e - Iskenderun's Mystic   Conj/Tloc      ######..     1%          4    None
f - Apportation           Tloc           #####.       1%          1    None
g - Summon Butterflies    Summ           ####....     1%          1    None
h - Stone Arrow           Conj/Erth      ######       1%          3    None
i - Fireball              Conj/Fire      ######....   1%          5    ####...
j - Bolt of Magma         Conj/Fire/Erth #####.....   4%          5    ####...

Your spell library contained the following spells:

 Spells                   Type           Power        Failure   Level  Hunger
 Foxfire                  Conj/Fire      ####         1%          1    None
 Conjure Flame            Conj/Fire      ######..     1%          3    None
 Gell's Gravitas          Tloc           #####.....   1%          3    None
 Lesser Beckoning         Tloc           #####.....   1%          3    None
 Mephitic Cloud           Conj/Pois/Air  #####...     1%          3    None
 Portal Projectile        Hex/Tloc       #####.       1%          3    None
 Tukima's Dance           Hex            #####...     1%          3    None
 Sticky Flame             Conj/Fire      ######..     1%          4    None
 Lightning Bolt           Conj/Air       #####.....   3%          5    ####...
 Cause Fear               Hex            #####.....   4%          4    None
 Starburst                Conj/Fire      ######....   7%          6    #####..
 Swiftness                Chrm/Air       ##......     8%          2    None
 Ignite Poison            Fire/Tmut/Pois ###.....     8%          3    None
 Spider Form              Tmut/Pois      ##........   14%         3    None
 Metabolic Englaciation   Hex/Ice        ###.......   41%         5    ####...
 Dispersal                Tloc           #####.....   41%         6    #####..
 Olgreb's Toxic Radiance  Pois           ##......     43%         4    None
 Invisibility             Hex            #####...     61%         6    #####..
 Alistair's Intoxication  Tmut/Pois      ##......     80%         5    ####...
 Statue Form              Tmut/Erth      ###......    99%         6    #####..
 Eringya's Noxious Bog    Tmut/Pois      ##........   100%        6    #####..
 Chain Lightning          Conj/Air       #####.....   100%        8    #######
 Controlled Blink         Tloc           N/A          100%        8    #######
 Disjunction              Tloc           #####.....   100%        8    #######


Dungeon Overview and Level Annotations

Branches:
Dungeon (1/1)

Altars:
Cheibriados
Dithmenos
Elyvilon
Fedhas
Gozag
Hepliaklqana
Kikubaaqudgha
Makhleb
Nemelex Xobeh
Okawaru
Qazlal
Ru
Sif Muna
Trog
Uskayaw
Vehumet
Wu Jian
Xom
Yredelemnul
Zin
The Shining One
Jiyva
Lugonu

Shops:
D *%!}!%(}*}[=?!*(}(*[*


Innate Abilities, Weirdness & Mutations

You cannot wear most types of armour.
You are very stealthy in the water. (Stealth+)
You are amphibious.
You can wear up to eight rings at the same time.
You can use your tentacles to constrict eight enemies at once.
Your skin changes colour to match your surroundings (Stealth+).
Your rubbery body absorbs attacks. (AC +1, EV +1)
You often lose your temper in combat.
Your magical capacity is low. (-10% MP)


Message History

You conjure a prism of explosive energy!
The lindwurm roars!
A fulminant prism comes into view.
The lindwurm breathes flames at you. The blast of flame hits you!!!
Ouch! That really hurt!
You close the door.
You hear a loud crackle.
You hear an explosion!
There is an open door here.
Okay, then.
Casting: Fulminant Prism (safe; 1% risk of failure)
Confirm with . or Enter, or press ? or * to list all spells.
Okay, then.
Things that are here:
a +0 dagger; a +0 robe You open the door.
The lindwurm breathes flames at you. The blast of flame hits you!!
You die...

########################
.#..'..#__#.)')..#([#.§
.'..#.†s..+..#..@##'#*#
'#####'#__####...'k§#§#
.#...#§####§§#####..§$#
##..##[#§§§.§#..##+####
_##'#_§§§§≈§§§§.#
..'..._#§§§§§#..#
_##_.#'##§#####§###
_###[#.#§(..###.'.#
####.####'###)###.#


You could see a lindwurm.

Vanquished Creatures
  2 centaur warriors (D)
  Sonja (D)
  A deep troll (D)
  2 unseen horrors (D)
  An oklob plant (D)
  8 shining eyes (D)
  2 kobold demonologists (D)
  3 demonic crawlers (D)
  A hornet (D)
  A slime creature (D)
  Sigmund (D)
  2 redbacks (D)
  A yak (D)
  6 floating eyes (D)
  An ogre (D)
  7 necrophages (D)
  8 jellies (D)
  Ijyb (D)
  2 ballistomycete spores (D)
51 creatures vanquished.

Vanquished Creatures (others)
  A gargoyle (D)
  39 fulminant prisms (D)
40 creatures vanquished.

Grand Total: 91 creatures vanquished

Notes
Turn   | Place    | Note
-------+----------+-------------------------------------------
     0 | D        | Conn the Octopode Conjurer began the quest for the Orb.
     0 | D        | Reached XP level 1. HP: 11/11 MP: 3/3
     1 | D        | Noticed Ijyb
    16 | D        | Killed Ijyb
    16 | D        | Reached skill level 6 in Conjurations
    16 | D        | Reached XP level 2. HP: 17/17 MP: 3/5
    16 | D        | Reached XP level 3. HP: 21/21 MP: 3/6
    26 | D        | Learned a level 2 spell: Searing Ray
    27 | D        | Noticed an ogre
    33 | D        | Killed an ogre
    33 | D        | Reached skill level 9 in Conjurations
    33 | D        | Reached XP level 4. HP: 27/27 MP: 3/9
    57 | D        | Noticed Sigmund
    76 | D        | Killed Sigmund
    76 | D        | Reached skill level 11 in Conjurations
    76 | D        | Reached XP level 5. HP: 17/32 MP: 6/11
    76 | D        | Reached XP level 6. HP: 19/37 MP: 6/12
   224 | D        | Learned a level 3 spell: Dazzling Flash
   229 | D        | Learned a level 4 spell: Fulminant Prism
   234 | D        | Learned a level 4 spell: Iskenderun's Mystic Blast
   244 | D        | Found a shimmering blue altar of Sif Muna.
   245 | D        | Found an ornate altar of the Wu Jian Council.
   251 | D        | Found a radiant altar of Vehumet.
   258 | D        | Became a worshipper of Sif Muna the Loreminder
   286 | D        | Found Tiapeq's Gadget Emporium.
   286 | D        | Found an ancient bone altar of Kikubaaqudgha.
   286 | D        | Found a hazy altar of Hepliaklqana.
   286 | D        | Found a stormy altar of Qazlal.
   286 | D        | Found a hide-covered altar of Uskayaw.
   286 | D        | Found a blossoming altar of Fedhas.
   286 | D        | Found a bloodstained altar of Trog.
   286 | D        | Found an iron altar of Okawaru.
   286 | D        | Found a basalt altar of Yredelemnul.
   286 | D        | Found a glowing golden altar of the Shining One.
   286 | D        | Found a snail-covered altar of Cheibriados.
   286 | D        | Found a sacrificial altar of Ru.
   286 | D        | Found a glowing silver altar of Zin.
   286 | D        | Found a shadowy altar of Dithmenos.
   286 | D        | Found a white marble altar of Elyvilon.
   286 | D        | Noticed a yak
   293 | D        | Killed a yak
   293 | D        | Reached skill level 5 in Spellcasting
   293 | D        | Reached skill level 12 in Conjurations
   298 | D        | Found an opulent altar of Gozag.
   299 | D        | Found a sparkling altar of Nemelex Xobeh.
   303 | D        | Bought a wand of paralysis (10) for 168 gold pieces
   443 | D        | Found a burning altar of Makhleb.
   443 | D        | Found a viscous altar of Jiyva.
   443 | D        | Found a shimmering altar of Xom.
   443 | D        | Found a corrupted altar of Lugonu.
   443 | D        | Noticed a slime creature
   459 | D        | Killed a slime creature
   459 | D        | Reached skill level 5 in Stealth
   459 | D        | Reached skill level 13 in Conjurations
   459 | D        | Reached XP level 7. HP: 39/42 MP: 0/15
   538 | D        | Killed a gargoyle
   565 | D        | Noticed Sonja
   572 | D        | Killed Sonja
   572 | D        | Reached * piety under Sif Muna
   572 | D        | Reached skill level 1 in Fighting
   572 | D        | Reached skill level 15 in Conjurations
   572 | D        | Reached XP level 8. HP: 48/48 MP: 15/18
   586 | D        | Noticed a deep troll
   595 | D        | Killed a deep troll
   595 | D        | Reached skill level 16 in Conjurations
   595 | D        | Reached skill level 1 in Hexes
   595 | D        | Reached skill level 1 in Evocations
   595 | D        | Reached XP level 9. HP: 54/54 MP: 3/20
   612 | D        | Found Kawki's Armour Emporium.
   668 | D        | Found Dauriless's Assorted Antiques.
   676 | D        | Bought an opal ring for 105 gold pieces
   731 | D        | Bought a leatherbound book for 315 gold pieces
   733 | D        | Learned a level 1 spell: Apportation
   735 | D        | Learned a level 1 spell: Summon Butterflies
   760 | D        | Noticed a kobold demonologist
   766 | D        | Noticed a kobold demonologist
   767 | D        | Paralysed by a floating eye for 2 turns
   767 | D        | Killed a kobold demonologist
   767 | D        | Reached ** piety under Sif Muna
   767 | D        | Reached skill level 1 in Summonings
   767 | D        | Reached skill level 1 in Translocations
   771 | D        | Noticed an orange demon
   773 | D        | Killed a kobold demonologist
   907 | D        | Noticed a demonic crawler
   907 | D        | Noticed a demonic crawler
   907 | D        | Noticed a demonic crawler
   907 | D        | Noticed a demonic crawler
  1003 | D        | Noticed a centaur warrior
  1009 | D        | Noticed a centaur warrior
  1010 | D        | Killed a centaur warrior
  1015 | D        | Killed a centaur warrior
  1015 | D        | Reached XP level 10. HP: 50/61 MP: 2/23
  1136 | D        | Reached *** piety under Sif Muna
  1136 | D        | Reached skill level 10 in Spellcasting
  1136 | D        | Reached skill level 17 in Conjurations
  1136 | D        | Reached skill level 5 in Invocations
  1255 | D        | Noticed an oklob plant
  1270 | D        | Killed an oklob plant
  1346 | D        | Reached skill level 1 in Short Blades
  1410 | D        | Killed an unseen horror
  1410 | D        | Reached **** piety under Sif Muna
  1413 | D        | Killed an unseen horror
  1507 | D        | Reached ***** piety under Sif Muna
  1507 | D        | Identified Sif Muna's Incunabulum of Ashen Curses (Sif Muna
                  | gifted it to you in the Dungeon)
  1507 | D        | Received a gift from Sif Muna
  1513 | D        | Learned a level 3 spell: Stone Arrow
  1684 | D        | Identified Naihun's Papyrus of the Volcanoes (Sif Muna
                  | gifted it to you in the Dungeon)
  1684 | D        | Received a gift from Sif Muna
  1692 | D        | Learned a level 5 spell: Fireball
  1698 | D        | Learned a level 5 spell: Bolt of Magma
  1700 | D        | Found Bediaruf's Gadget Shoppe.
  1700 | D        | Found Haekkaamp's Weapon Boutique.
  1701 | D        | Found Cycaasat's General Store.
  1701 | D        | Found Sacoad Zatz's Assorted Antiques.
  1702 | D        | Found Sugeuwka's General Store.
  1715 | D        | Found Bacvosey's Antique Weapon Shop.
  1717 | D        | Found Plog's Gadget Emporium.
  1717 | D        | Found Suongif's Antique Armour Shop.
  1717 | D        | Found Kigyduc's Jewellery Shoppe.
  1717 | D        | Found Vunorch's Magic Scroll Boutique.
  1717 | D        | Found Gaippepe's Distillery.
  1717 | D        | Found Essueklient's General Store.
  1717 | D        | Found Coustot's Weapon Shoppe.
  1721 | D        | Found Xeoboej's Gadget Boutique.
  1733 | D        | Bought an agate ring for 105 gold pieces
  1745 | D        | Bought a scorched battleaxe for 345 gold pieces
  1746 | D        | Identified the cursed +3 battleaxe of the Extremely Mad
                  | {pain, rPois MR- Str+3 Dex+4} (You bought it in a shop in
                  | the Dungeon)
  1754 | D        | Bought a wand of clouds (6) for 300 gold pieces
  1757 | D        | Bought a scroll of blinking for 90 gold pieces
  1757 | D        | Bought a scroll of blinking for 90 gold pieces
  1758 | D        | Bought 2 potions of heal wounds for 110 gold pieces
  1758 | D        | Bought a potion of lignification for 33 gold pieces
  1758 | D        | Bought a potion of heal wounds for 55 gold pieces
  1835 | D        | Noticed a shining eye
  1835 | D        | Noticed a shining eye
  1835 | D        | Noticed a shining eye
  1837 | D        | Paralysed by a floating eye for 4 turns
  1839 | D        | Reached XP level 11. HP: 67/67 MP: 17/26
  1839 | D        | Gained mutation: You tend to lose your temper in combat. [a
                  | shining eye]
  1845 | D        | Paralysed by a floating eye for 2 turns
  1845 | D        | Reached skill level 1 in Fire Magic
  1845 | D        | Reached skill level 5 in Translocations
  1847 | D        | Noticed a shining eye
  1849 | D        | Noticed a shining eye
  1850 | D        | Killed a shining eye
  1853 | D        | Noticed a shining eye
  1853 | D        | Killed a shining eye
  1853 | D        | Killed a shining eye
  1853 | D        | Killed a shining eye
  1853 | D        | Reached skill level 18 in Conjurations
  1853 | D        | Killed a shining eye
  1863 | D        | Killed a shining eye
  1863 | D        | Identified Sif Muna's Papyrus of Venomous Feathers (Sif
                  | Muna gifted it to you in the Dungeon)
  1863 | D        | Received a gift from Sif Muna
  1863 | D        | Reached skill level 5 in Hexes
  1998 | D        | Noticed a shining eye
  2004 | D        | Killed a shining eye
  2010 | D        | Noticed a shining eye
  2010 | D        | Gained mutation: Your magical capacity is low. (-10% MP) [a
                  | shining eye]
  2019 | D        | Gained mutation: You often lose your temper in combat. [a
                  | shining eye]
  2023 | D        | Killed a shining eye
  2036 | D        | Found Guxaishuh's Food Shoppe.
  2036 | D        | Found Dekluwy's Distillery.
  2036 | D        | Found Nonteg's Distillery.
  2036 | D        | Found Jaeplisa's Food Boutique.
  2133 | D        | HP: 1/68 [demonic crawler (3)]
  2134 | D        | Reached skill level 1 in Earth Magic
  2442 | D        | Noticed a lindwurm
  2453 | D        | Killed from afar by a lindwurm

Levels and vault maps discovered:
D:        dungeon_sprint_1 [red_sonja_temple_1, red_sonja_temple_small_1]

Skill      XL: |  1  2  3  4  5  6  7  8  9 10 11 |
---------------+----------------------------------+-----
Stealth        | 3 4 5 6 |  6.5
Conjurations   | 6 9 11 13 15 16 17 18 | 18.3
Spellcasting   | 3 4 5 6 7 9 11 13 | 13.3
Dodging        | 3 4 |  4.5
Fighting       | 1 2 3 4 |  4.0
Hexes          | 1 2 3 5 |  5.5
Evocations     | 1 2 3 |  3.2
Summonings     | 4 |  4.5
Translocations | 4 6 |  6.8
Invocations    | 4 7 |  7.5
Short Blades   | 1 2 |  2.1
Fire Magic     | 4 |  4.6
Earth Magic    | 1 |  1.4

Action                   |  1- 3 |  4- 6 |  7- 9 | 10-12 || total
-------------------------+-------+-------+-------+-------++-------
Melee: Unarmed           |    14 |       |       |       ||    14
       Constrict         |     1 |       |     1 |       ||     2
       Dagger            |       |     3 |     3 |     2 ||     8
       Tentacles         |       |     1 |       |     1 ||     2
 Cast: Searing Ray       |     1 |     5 |     2 |    12 ||    20
       Magic Dart        |       |     3 |     4 |     4 ||    11
       Fulminant Prism   |       |     4 |     8 |    27 ||    39
       Iskenderun's Myst |       |       |     3 |     7 ||    10
       Summon Butterflie |       |       |       |     4 ||     4
Evoke: Wand              |       |       |     3 |       ||     3
  Use: Potion            |     2 |     2 |       |     2 ||     6
       Scroll            |       |       |       |     3 ||     3
 Stab: Confused          |     1 |       |       |       ||     1
       Paralysed         |       |       |     3 |       ||     3
       Distracted        |       |       |       |     1 ||     1
  Eat: Chunk             |       |       |     1 |       ||     1
       Ration            |       |       |       |     2 ||     2
Armor: Skin              |     2 |       |       |     3 ||     5
Dodge: Dodged            |     2 |     3 |     5 |    17 ||    27

Table legend:
 A = Non-vault XP
 B = Vault XP
 C = Vault XP percentage of total XP
 D = Non-vault monster count
 E = Vault monster count
 F = Vault count percentage of total count
                 A         B        C        D         E       F
            +---------+---------+-------+---------+---------+-------
      Total |       0 |   15223 | 100.0 |       0 |      49 | 100.0
            +---------+---------+-------+---------+---------+-------
          D |       0 |   15223 | 100.0 |       0 |      49 | 100.0
            +---------+---------+-------+---------+---------+-------
